 Dungeon Crawl Stone Soup version 0.28-a0-69-g49dcd67cf8 (webtiles) character file.

Game seed: 12157174366799745076

893 popfantom the Ruffian (level 7, 0/67 HPs)
             Began as a Troll Berserker on July 31, 2021.
             Was a Priest of Trog.
             Slain by a killer bee (4 damage)
             ... on level 5 of the Dungeon.
             The game lasted 00:16:32 (3283 turns).

popfantom the Ruffian (Troll Berserker)             Turns: 3283, Time: 00:16:33

Health: 0/67       AC:  4    Str: 28    XL:     7   Next: 78%
Magic:  6/6        EV: 11    Int:  3    God:    Trog [***...]
Gold:   859        SH:  0    Dex: 15    Spells: 6/6 levels left

rFire   . . .      SeeInvis .     - Unarmed
rCold   . . .      Faith    .   (no shield)
rNeg    . . .      Spirit   .   a - +0 animal skin
rPois   .          Reflect  .   (helmet restricted)
rElec   .          Harm     .   (no cloak)
rCorr   .          Rampage  .   (gloves unavailable)
Will    +++..                   (boots unavailable)
Stlth   ++........              (no amulet)
HPRegen 2.21/turn               g - +6 ring of dexterity
MPRegen 0.10/turn               q - ring of willpower

@: mighty, lethally poisoned (0 -> -1), about to teleport, strong-willed, on
berserk cooldown, regenerating, slowed, very slow
A: large, unfitting armour, claws 3, regeneration 1, shaggy fur 1, tough skin 1
a: Renounce Religion, Berserk, Trog's Hand


You were on level 5 of the Dungeon.
You worshipped Trog.
Trog was most pleased with you.
You visited 1 branch of the dungeon, and saw 5 of its levels.

You collected 979 gold pieces.
You spent 120 gold pieces at shops.

Inventory:

Hand Weapons
 l - a +2 whip of freezing
Missiles
 c - 76 arrows
 e - 151 stones (quivered)
 r - 18 poisoned darts
Armour
 a - a +0 animal skin (worn)
 j - a +0 plate armour
 m - a +0 robe
 o - a +0 chain mail
Jewellery
 g - a +6 ring of dexterity (left claw)
 n - a ring of protection from cold
 q - a ring of willpower (right claw)
Wands
 p - a wand of iceblast (9)
Scrolls
 h - 5 scrolls of teleportation
 i - a scroll of fear
Potions
 b - 2 potions of curing
 d - a potion of flight {unknown}
 f - a potion of magic {unknown}
 k - a potion of might


   Skills:
 + Level 3.2 Fighting
 + Level 3.9 Dodging
 + Level 1.4 Stealth
 + Level 7.7 Unarmed Combat


You had 6 spell levels left.
You didn't know any spells.
Your spell library contained the following spells:

 Spells                   Type           Power      Damage    Failure   Level
 Shock                    Conj/Air       0%         1d3       52%         1
 Swiftness                Air            0%         N/A       88%         3
 Airstrike                Air            0%         N/A       99%         4


Dungeon Overview and Level Annotations

Branches:
Dungeon (5/15)
 Temple: D:4-7

Altars:
Makhleb

Shops:
D:3 (   D:4 *


Innate Abilities, Weirdness & Mutations

You are too large for most types of armour.
You have claws for hands.
Your natural rate of healing is unusually fast.
You are covered in fur. (AC +1)
You have tough skin. (AC +1)


Message History

The killer bee closely misses you. The killer bee stings you.
You are more poisoned.
The killer bee poisons you! The killer bee completely misses you.
The killer bee closely misses you. The killer bee stings you.
You closely miss the killer bee.
You feel very sick. The killer bee barely misses you. x2
The killer bee stings you but does no damage.
The killer bee barely misses you. The killer bee misses you.
The killer bee stings you!
* * * LOW HITPOINT WARNING * * *
A hound comes into view.
Throw: 151 stones
Press: ? - help, Q - select action, (/) - cycle Shift-Dir - straight line, f - killer bee
Aim: a killer bee (29% to hit)
Okay, then.
As you read the scroll of teleportation, it crumbles to dust.
You feel strangely unstable.
You feel very sick. The killer bee stings you.
* * * LOW HITPOINT WARNING * * *
The killer bee barely misses you. The killer bee closely misses you.
The killer bee stings you.
* * * LOW HITPOINT WARNING * * *
The killer bee stings you.
* * * LOW HITPOINT WARNING * * *
The killer bee stings you.
* * * LOW HITPOINT WARNING * * *
Unknown command.
Throw: 151 stones
Press: ? - help, Q - select action, (/) - cycle Shift-Dir - straight line, f - killer bee
Aim: a killer bee (29% to hit)
Okay, then.
It was a potion of might.
You feel very mighty all of a sudden.
You feel very sick.
The killer bee stings you but does no damage.
The killer bee misses you. The killer bee closely misses you.
The killer bee stings you.
You die...

.. . ...>
.... ...
#.#. ..#
##... ##..#
.....##...#
#.......
#.....###
#))y@#
#))#y#
#<##yo#
#...)###S#
.........
.o
.###.#####
##. #. .. !
.o # .o.


You could see 3 killer bees, an adder and 2 orcs.

Vanquished Creatures
  Pikel (D:4)
  A scorpion (D:4)
  2 killer bees (D:5)
  2 orc priests
  An iguana (D:3)
  4 orc wizards
  2 adders
  A worm (D:2)
  A dart slug (D:3)
  9 orcs
  8 bats
  5 endoplasms
  3 giant cockroaches
  10 goblins
  A hobgoblin (D:1)
  9 jackals
  4 quokkas
  12 ball pythons
  4 frilled lizards
  5 kobolds
  6 rats
91 creatures vanquished.

Notes
Turn   | Place    | Note
-------+----------+-------------------------------------------
     0 | D:1      | popfantom the Troll Berserker began the quest for the Orb.
     0 | D:1      | Reached XP level 1. HP: 22/22 MP: 0/0
   124 | D:1      | Reached XP level 2. HP: 29/29 MP: 1/1
   507 | D:1      | Found a faded altar of an unknown god.
   808 | D:2      | Reached XP level 3. HP: 36/36 MP: 2/2
   823 | D:2      | Reached ** piety under Trog
  1195 | D:2      | Reached skill level 4 in Unarmed Combat
  1503 | D:3      | Reached XP level 4. HP: 44/44 MP: 3/3
  1849 | D:3      | Identified a scroll of acquirement
  1849 | D:3      | Acquired 817 gold pieces
  1896 | D:3      | Reached *** piety under Trog
  1930 | D:3      | Reached XP level 5. HP: 35/52 MP: 4/4
  1957 | D:3      | Found Ehucuph's Weapon Shoppe.
  2337 | D:4      | Reached skill level 5 in Unarmed Combat
  2446 | D:4      | Noticed a lemure
  2447 | D:4      | Noticed Pikel
  2447 | D:4      | Noticed a lemure
  2462 | D:4      | Killed Pikel
  2463 | D:4      | Reached skill level 1 in Stealth
  2463 | D:4      | Reached skill level 7 in Unarmed Combat
  2463 | D:4      | Reached XP level 6. HP: 61/61 MP: 5/5
  2463 | D:4      | Reached XP level 7. HP: 67/67 MP: 6/6
  2636 | D:4      | Found a burning altar of Makhleb.
  2654 | D:4      | Found Ofir's Assorted Antiques.
  2666 | D:4      | Bought a runed pearl ring for 120 gold pieces
  3251 | D:5      | Entered Level 5 of the Dungeon
  3282 | D:5      | HP: 3/67 [killer bee (1)]
  3283 | D:5      | Slain by a killer bee

Illustrated notes

Levels and vault maps discovered:
D:1:      minmay_arrival_radiant_lines, layout_loops_ring,
          ebering_ecumenical_altar_box, amcnicky_mini_pool_small
D:2:      layout_rooms, chequers_serial_rivers_micro_c, columned_hall_lemuel
D:3:      layout_basic, serial_shops, nicolae_lakefront_shop
D:4:      layout_loops_corners, general_overflow_altar, serial_shops,
          nicolae_diamond_shop, minmay_stone_trees_small, uniq_pikel
D:5:      layout_rooms, mainiacjoe_overflow_24_doors, serial_corexii_hall,
          corexii_hall_statues_deadend, corexii_hall_statues_i, serial_shops,
          nicolae_diamond_shop

Skill      XL: |  1  2  3  4  5 |
---------------+----------------+-----
Unarmed Combat | 4 7 |  7.7
Dodging        | 3 |  3.9
Fighting       | 3 |  3.2
Stealth        | 1 |  1.4

Action                   |  1- 3 |  4- 6 |  7- 9 || total
-------------------------+-------+-------+-------++-------
Melee: Unarmed           |   106 |    75 |    23 ||   204
       Punch             |     2 |     1 |     1 ||     4
Invok: Berserk           |       |     3 |     1 ||     4
       Trog's Hand       |       |       |     1 ||     1
  Use: Scroll            |     7 |     2 |     1 ||    10
       Potion            |       |       |     1 ||     1
 Stab: Sleeping          |       |       |     1 ||     1
Armor: Animal skin       |    37 |    19 |    11 ||    67
Dodge: Dodged            |    61 |    34 |    29 ||   124

Table legend: (Time is in decaauts)
 A = Elapsed time spent in this place.
 B = Non-inter-level travel time spent in this place.
 C = Inter-level travel time spent in this place.
 D = Time resting spent in this place.
 E = Time spent auto-exploring this place.
 F = Levels seen in this place.
 G = Mean time per level.
                   A        B        C        D        E       F      G
               +--------+--------+--------+--------+--------+-----+--------+
         Total |   3291 |   3291 |      0 |     97 |   1777 |   5 |  658.2 |
       Dungeon |   3291 |   3291 |      0 |     97 |   1777 |   5 |  658.2 |
               +--------+--------+--------+--------+--------+-----+--------+

Top non-repeatable levels by time:
     D:4: 1004 daAuts
     D:3: 828 daAuts
     D:1: 792 daAuts
     D:2: 632 daAuts
     D:5: 33 daAuts
